[Event "*** Qualifier 1: Titled Tuesday 3|2 Blitz"]
[Site "Chess.com"]
[Date "2017.04.04"]
[Round "8"]
[White "dolynachess"]
[Black "GM_Donatello"]
[Result "1-0"]
[WhiteElo "2314"]
[BlackElo "2515"]
[TimeControl "180+2"]
[EndTime "14:52:32 PDT"]
[Termination "dolynachess won by resignation"]

1. c4 c5 2. Nc3 g6 3. g3 Bg7 4. Bg2 Nc6 5. Nf3 d6 6. O-O Nf6 7. a3 O-O 8. Rb1 a5 9. Ne1 Rb8 10. Nc2 Bf5 11. d3 Nd4 12. b4 axb4 13.
axb4 b6 14. b5 Qd7 15. Ra1 Bh3 16. Ra6 Bxg2 17. Kxg2 Qb7+ 18. f3 Ra8 19. Rxa8 Rxa8 20. Be3 Nxc2 21. Qxc2 d5 22. Bg5 e6 23. Qb3 d4 24.
Bxf6 Bxf6 25. Ne4 Be7 26. Qb2 f5 27. Nd2 Bg5 28. Nb3 e5 29. Ra1 e4 30. Rxa8+ Qxa8 31. Qa1 exf3+ 32. exf3 Qe8 33. Qd1 Be3 34. f4 Qa8+ 35. Kh3 Kg7 36. Na1 Kh6 37. Nc2 Qa2 38.
Ne1 Kg7 39. Nf3 h6 40. Ne5 g5 41. Qh1 Qa7 42. Qc6 gxf4 43. Qg6+ Kf8 44. Qxf5+ Ke8 45.
gxf4 Qg7 46. Qg6+ 1-0

[Event "*** Qualifier 1: Titled Tuesday 3|2 Blitz"]
[Site "Chess.com"]
[Date "2017.04.04"]
[Round "8"]
[White "jposthuma"]
[Black "Aragon"]
[Result "1-0"]
[WhiteElo "2233"]
[BlackElo "1998"]
[TimeControl "180+2"]
[EndTime "14:52:40 PDT"]
[Termination "jposthuma won by resignation"]

1. b3 d5 2. Bb2 Nf6 3. e3 c5 4. f4 Nc6 5. Nf3 e6 6. Bb5 Bd7 7. O-O Be7 8. d3 O-O 9. Nbd2 a6 10.
Bxc6 Bxc6 11. Ne5 Be8 12. Qe2 Nd7 13. Ndf3 Rc8 14. e4 Bf6 15. Nxd7 Bxb2 16. Nxf8 Bxa1 17. Nxe6 fxe6 18. Rxa1 dxe4 19. Qxe4 Qd5 20. Re1 Qxe4 21. Rxe4 Rc6 22. Ne5 Rd6 23. Nc4 Rc6 24. Na5 Rb6 25. a4 Kf7 26. Re5 Rb4 27. Rxc5 b6 28. Rc7+ Kf6 29.
Nc4 b5 30. Nd6 Bg6 31. axb5 axb5 32. g3 e5 33. f5 Bxf5 34. Ne8+ Kg5 35. Nxg7 Bg6 36.
Ne6+ Kg4 37. Kg2 e4 38. Rc5 Bf5 39. h3+ Kh5 40. Rxf5+ Kg6 41. Re5 exd3 42. Nf4+ Kg7 43. Nxd3 Rd4 44. Rxb5 Re4 45. Re5 Rd4 46. b4 Rc4 47.
Re2 Kf6 48. b5 Ra4 49. b6 Ra6 50. Re6+ Kf7 51. b7 Rxe6 52. b8=Q Re2+ 53. Kf3 Rxc2 54.
Qb3+ Kg6 55. Qxc2 1-0

[Event "*** Qualifier 1: Titled Tuesday 3|2 Blitz"]
[Site "Chess.com"]
[Date "2017.04.04"]
[Round "8"]
[White "rasmussvane"]
[Black "davidarenas1224"]
[Result "1-0"]
[WhiteElo "2515"]
[BlackElo "2336"]
[TimeControl "180+2"]
[EndTime "14:52:42 PDT"]
[Termination "rasmussvane won by resignation"]

1. d4 Nf6 2. Nf3 g6 3. Bg5 Bg7 4. Nbd2 O-O 5. c3 d6 6. e4 Nc6 7.
Bd3 e5 8. O-O h6 9. Be3 Ng4 10.
Qe2 Nxe3 11. fxe3 Ne7 12. Bc4 c6 13. Bb3 Kh7 14. Rf2 a5 15. a4 b6 16. Raf1 Ba6 17.
Bc4 Bxc4 18. Nxc4 b5 19. axb5 cxb5 20. Ncd2 Rb8 21. Ne1 Kg8 22. Nc2 Qc7 23. Nb3 Nc6 24. Rc1 a4 25. Nba1 Rfc8 26. Rff1 Qa7 27. Kh1 Qb7 28.
Rfd1 Na5 29. d5 Nc4 30. Nb4 h5 31. Nac2 Bh6 32. Rf1 Rf8 33. Rf6 Bg7 34. Rf2 Nxb2 35. Na3 Nc4 36. Nxc4 bxc4 37. Qxc4 Qa7 38. Re1 Rfc8 39.
Nc6 Qb6 40. Qxa4 Qxe3 41. Rff1 Qg5 42. Nxb8 Rxb8 43. Qd7 Rb2 44. Qxf7+ Kh7 45. Rf2 Rb3 46. Qf3 Qd8 47. Qd3 Qb6 48. Ref1 Qc5 49. Rf3 Rb2 50. h3 Rb3 51. Qe3 Qc4 52. Qa7 Qxe4 53. Rf7 Rb1 54. Rxg7+ 1-0

[Event "*** Qualifier 1: Titled Tuesday 3|2 Blitz"]
[Site "Chess.com"]
[Date "2017.04.04"]
[Round "8"]
[White "jcgs1030"]
[Black "GMHess"]
[Result "0-1"]
[WhiteElo "2291"]
[BlackElo "2597"]
[TimeControl "180+2"]
[EndTime "14:52:52 PDT"]
[Termination "GMHess won by resignation"]

1. e4 e5 2. Nf3 Nc6 3. Bb5 a6 4. Ba4 Nf6 5. O-O Nxe4 6. Re1 Nc5 7. Bxc6 dxc6 8. d4 Ne6 9. dxe5 Qxd1 10. Rxd1 Be7 11. Nbd2 Bd7 12. Nf1 O-O-O 13. Ng3 g6 14. Bh6 c5 15. h4 Bc6 16. Ng5 Bxg5 17. Bxg5 Nxg5 18. hxg5 Rde8 19. f4 h6 20. gxh6 Rxh6 21. Kf2 Rh2 22. Rg1 g5 23. Nf1 Rh6 24. g3 f6 25. Re1 gxf4 26. gxf4 fxe5 27. Rxe5 Rf8 28. Ke3 b6 29. f5 Bd7 30. Rg5 Rh1 31.
Ng3 Rb1 32. b3 Rb2 33. Kd2 Rxa2 34. Re1 a5 35. Kc3 a4 36. bxa4 Bxa4 37. Re2 Kb7 38. Rg7 Ka6 39. Rxc7 Ra3+ 40. Kb2 Rxg3 41. Ree7 Kb5 42.
Re6 Ka6 43. Rxc5 Rf3 44. Rc4 Bb5 45. Rb4 R8xf5 46. c4 Rf2+ 47. Kc3 R5f3+ 48. Kd4 Rf4+ 49.
Kc3 R2f3+ 50. Kb2 Rxc4 51. Rxc4 Bxc4 52. Re8 Kb5 53. Re5+ Kb4 54. Re8 Rf2+ 0-1

[Event "*** Qualifier 1: Titled Tuesday 3|2 Blitz"]
[Site "Chess.com"]
[Date "2017.04.04"]
[Round "8"]
[White "dhanushbharadwaj"]
[Black "proxy6"]
[Result "1-0"]
[WhiteElo "2428"]
[BlackElo "2210"]
[TimeControl "180+2"]
[EndTime "14:52:53 PDT"]
[Termination "dhanushbharadwaj won on time"]

1. Nf3 Nf6 2. c4 e6 3. b3 d5 4. g3 Be7 5. Bg2 O-O 6. O-O d4 7. Bb2 c5 8. e3 Nc6 9. exd4 cxd4 10.
d3 e5 11. Re1 Nd7 12. a3 f6 13. Qe2 a5 14. Nxd4 exd4 15. Bxc6 bxc6 16. Qxe7 Qxe7 17.
Rxe7 Nc5 18. Nd2 Rd8 19. Nf3 Nxb3 20. Rae1 Bf5 21. Rc7 c5 22. Ree7 Bxd3 23. Rxg7+ Kh8 24. g4 Rg8 25. Rxg8+ Kxg8 26. h3 Rd8 27. g5 fxg5 28.
Ne5 Bf5 29. Nc6 d3 30. Bc3 d2 31. Bxd2 Rxd2 32. Ne7+ Kf8 33. Nxf5 Rc2 34. Ne3 Rc1+ 35.
Kg2 Nd2 36. Rxc5 Rc3 37. Rxa5 Nxc4 38. Nxc4 Rxc4 39. Rxg5 Ra4 40. Rg3 Kf7 41. Rb3 Kf6 42. Kg3 Kf5 43. f4 Kf6 44. Kg4 Ra5 45. Rb6+ Kf7 46.
Rb3 Kf6 47. Kf3 Kf5 48. Ke3 Kf6 49. Ke4 Ra4+ 50. Kd5 Rxf4 51. Kc5 Rf1 52. a4 Ra1 53. Kb5 Ke6 54. Rd3 Rb1+ 55. Ka6 Kf5 56. a5 Kf4 57. Ka7 h5 58. a6 h4 59. Ka8 Ke4 60. Rd8 Kf4 61. a7 Kg3 62. Rb8 Ra1 63. Rb3+ Kg2 64. Kb8 1-0

[Event "*** Qualifier 1: Titled Tuesday 3|2 Blitz"]
[Site "Chess.com"]
[Date "2017.04.04"]
[Round "8"]
[White "Titus369"]
[Black "Schemato"]
[Result "0-1"]
[WhiteElo "2183"]
[BlackElo "2247"]
[TimeControl "180+2"]
[EndTime "14:52:55 PDT"]
[Termination "Schemato won by checkmate"]

1. e4 c5 2. Nf3 e6 3. d4 cxd4 4.
Nxd4 Nc6 5. Nc3 Qc7 6. Be3 a6 7. g3 d6 8. Bg2 Bd7 9. O-O Be7 10. f4 Nf6 11. Qe2 O-O 12. Rad1 Rac8 13. f5 Ne5 14.
fxe6 fxe6 15. Bh3 Kh8 16. Bxe6 b5 17. Bxd7 Qxd7 18. Nf5 Qc7 19. Nxe7 Qxe7 20. Bg5 Qe6 21. Nd5 Nxd5 22. Rxf8+ Rxf8 23. exd5 Qg6 24. Bf4 Re8 25. c3 Nc4 26. Qf2 h6 27. b3 Ne5 28. Bxe5 Rxe5 29. c4 bxc4 30. bxc4 Qe4 31. Qd4 Qe2 32. a3 Re4 33. Qd3 Qxd3 34. Rxd3 Rxc4 35. h4 Kg8 36. Kf2 Kf7 37. Ke3 Kf6 38. Rd4 Rc3+ 39. Rd3 Rxd3+ 40. Kxd3 Ke5 41. Kc4 h5 42. a4 a5 43. Kb5 Kxd5 44. Kxa5 Kc5 45. Ka6 d5 46. a5 Kc6 47.
Ka7 Kc7 48. Ka6 d4 49. Ka7 d3 50. a6 d2 51. g4 hxg4 52. h5 d1=Q 53. h6 Qd4+ 54.
Ka8 Qd8+ 55. Ka7 Qb8# 0-1

[Event "*** Qualifier 1: Titled Tuesday 3|2 Blitz"]
[Site "Chess.com"]
[Date "2017.04.04"]
[Round "8"]
[White "RitvarsReimanis"]
[Black "NTBT_DHS"]
[Result "1-0"]
[WhiteElo "2428"]
[BlackElo "2441"]
[TimeControl "180+2"]
[EndTime "14:52:56 PDT"]
[Termination "RitvarsReimanis won by resignation"]

1. d4 Nf6 2. c4 g6 3. f3 Bg7 4. e4 d6 5. Ne2 O-O 6. Be3 c5 7. d5 Nbd7 8. Nec3 Ne5 9. Be2 e6 10.
f4 Neg4 11. Bxg4 Nxg4 12. Qxg4 exd5 13. Qg5 Qxg5 14. fxg5 d4 15. Bf4 dxc3 16. Nxc3 Re8 17. O-O Be6 18. Nd5 Bxd5 19. cxd5 Bxb2 20. Rab1 Bd4+ 21. Kh1 b6 22. Bxd6 Rxe4 23. Bc7 Re7 24. d6 Rxc7 25. dxc7 Rc8 26. Rbd1 Rxc7 27. Rfe1 Kg7 28. g3 b5 29. Re8 Rd7 30. Kg2 Rd6 31.
Re7 a5 32. Rf1 Kg8 33. Rexf7 Bg7 34. Rb7 h5 35. Rxb5 Rd7 36. Rxc5 a4 37. Ra5 Rd2+ 38.
Rf2 Rd7 39. Ra8+ Kh7 40. Rxa4 Be5 41. Re4 Rd5 42. Rfe2 Bd6 43. Re8 Rxg5 44. Rd2 Be5 45. Rd5 Bf6 46. Rxg5 Bxg5 47. a4 Bd2 48. Rd8 Bb4 49.
Rd4 Bc5 50. Rd5 Bb6 51. a5 Be3 52. a6 Kh6 53. h4 Bb6 54. Rb5 Bd4 55. Rb7 g5 56. a7 Bxa7 57. Rxa7 gxh4 58. gxh4 Kg6 59.
Ra5 Kh6 60. Ra6+ Kg7 61. Kf3 Kh7 62. Kf4 1-0

[Event "*** Qualifier 1: Titled Tuesday 3|2 Blitz"]
[Site "Chess.com"]
[Date "2017.04.04"]
[Round "8"]
[White "poummba"]
[Black "Sethu0025"]
[Result "0-1"]
[WhiteElo "2386"]
[BlackElo "2591"]
[TimeControl "180+2"]
[EndTime "14:52:57 PDT"]
[Termination "Sethu0025 won on time"]

1. e4 g6 2. d4 Bg7 3. Nf3 d6 4.
Bc4 Nf6 5. Qe2 O-O 6. O-O Bg4 7. Nbd2 Nc6 8. c3 e5 9. h3 Bxf3 10. Nxf3 exd4 11. cxd4 d5 12. exd5 Nxd5 13. Rd1 Qd6 14. Qe4 Rad8 15. Bg5 Rfe8 16. Qh4 f6 17. Bf4 Qb4 18.
b3 b5 19. Bd2 Qd6 20. Bxb5 Rb8 21. a4 Red8 22. Rac1 Nce7 23. Re1 c6 24. Bc4 Kh8 25.
Qg3 Qd7 26. Ba5 Re8 27. Qg4 Nf5 28. Nh4 Bh6 29. Rcd1 Rg8 30. g3 Bg5 31. Nxf5 gxf5 32. Qf3 f4 33. g4 f5 34. Kh1 fxg4 35. Qxg4 Qf7 36. Re5 Bf6 37. Qh5 Qg7 38. Qf3 Bxe5 39. dxe5 h6 40. e6 Qg5 41. Bxd5 cxd5 42. Bc3+ Kh7 43.
Qxd5 Rbd8 44. Qe4+ Rg6 45. Re1 Re8 46. Qb7+ Re7 47.
Qe4 Rxe6 48. Qb7+ Rg7 0-1

[Event "*** Qualifier 1: Titled Tuesday 3|2 Blitz"]
[Site "Chess.com"]
[Date "2017.04.04"]
[Round "8"]
[White "Tirantes"]
[Black "iaraldinho"]
[Result "0-1"]
[WhiteElo "2198"]
[BlackElo "2387"]
[TimeControl "180+2"]
[EndTime "14:52:59 PDT"]
[Termination "iaraldinho won by resignation"]

1. e4 c5 2. Nf3 a6 3. c3 d5 4.
e5 Nc6 5. d4 Bg4 6. Be2 e6 7.
O-O Bxf3 8. Bxf3 Qb6 9. dxc5 Bxc5 10. b4 Be7 11. Bf4 Nh6 12. Nd2 Nf5 13. a3 g5 14.
Bg3 Nxg3 15. hxg3 Nxe5 16. Bh5 O-O 17. Qe2 Bf6 18. Kh1 Rac8 19. f4 Ng6 20. f5 exf5 21.
Rxf5 Bxc3 22. Raf1 Rce8 23. Qd1 Qd4 24. Nf3 Qxd1 25.
Rxd1 d4 26. Nxg5 Rd8 27. Be2 b5 28. Bd3 Kg7 29. Rdf1 Rd7 30. Ne4 Re7 31. Nxc3 dxc3 32.
Rc1 Re3 33. Rxc3 Ne5 34. Rxe5 Rxe5 35. Bc2 Rd8 36. Kh2 Rh5+ 37. Kg1 Rd2 38. Bb3 Rf5 39. Rc7 Rff2 40. Kh1 h5 41. Re7 Rxg2 42. Rxf7+ Kg6 43. Re7 Rge2 44. Rxe2 Rxe2 45. Bd5 Re3 46. Kg2 Rxa3 47. Bb7 Ra4 48. Kh3 Rxb4 49. Bxa6 Rb2 50. Bb7 Kg5 51.
Bd5 b4 52. Bc4 b3 53. Bd5 Rb1 54. Bc4 b2 55. Bd3 Rh1+ 56. Kg2 b1=Q 0-1

[Event "*** Qualifier 1: Titled Tuesday 3|2 Blitz"]
[Site "Chess.com"]
[Date "2017.04.04"]
[Round "8"]
[White "Bengalas"]
[Black "TheNextLevelFan"]
[Result "1-0"]
[WhiteElo "2454"]
[BlackElo "2374"]
[TimeControl "180+2"]
[EndTime "14:53:03 PDT"]
[Termination "Bengalas won by resignation"]

1. d4 Nf6 2. c4 e6 3. Nc3 d5 4.
cxd5 exd5 5. Bg5 Be7 6. e3 O-O 7. Bd3 Re8 8. Qc2 h6 9. Bh4 c5 10. Nf3 Nc6 11. dxc5 d4 12. exd4 Bxc5+ 13. Ne2 Nb4 14.
Qd2 Nxd3+ 15. Qxd3 Bb4+ 16. Kf1 Be6 17. Nc3 Rc8 18. Kg1 Bc4 19. Qd1 Bxc3 20. bxc3 Be2 21. Qb3 Bxf3 22. gxf3 g5 23. Bg3 Nd5 24. c4 Nb6 25. d5 Rxc4 26. Rd1 Qf6 27. h4 Rc3 28. hxg5 Qxf3 29. Qb1 Re4 30. gxh6 Rg4 31. h7+ Kh8 32. Rh3 Nxd5 33. Re1 Ne3 34. Rxe3 Rxe3 35. Qc1 Re8 36. Qb2+ f6 37. Qc1 Rd8 38. Kh2 Qf5 39. Qe3 Rg7 40.
Rh6 Rxh7 41. Rxh7+ Kxh7 42. Qxa7 Kg6 43. Qxb7 Rd1 44. Kg2 Qh5 45. Qe4+ Kg7 46. Qe7+ Kg6 47. Qe4+ Kh6 48. Bf4+ Kg7 49. Qe7+ Kg6 50. Qe8+ Kg7 51. Qxh5 1-0

[Event "*** Qualifier 1: Titled Tuesday 3|2 Blitz"]
[Site "Chess.com"]
[Date "2017.04.04"]
[Round "8"]
[White "stefanodinn"]
[Black "hypert"]
[Result "1-0"]
[WhiteElo "2207"]
[BlackElo "2247"]
[TimeControl "180+2"]
[EndTime "14:53:05 PDT"]
[Termination "stefanodinn won on time"]

1. Nf3 g6 2. c4 Bg7 3. Nc3 c5 4. e3 Nc6 5. d4 cxd4 6. exd4 d6 7.
h3 Nf6 8. Bd3 O-O 9. O-O e5 10.
d5 Ne7 11. Re1 Nd7 12. Bc2 a5 13. b3 f5 14. Ba3 Nc5 15. Bxc5 dxc5 16. Nxe5 Kh8 17.
f4 Bd7 18. Qd2 Nc8 19. Rad1 Nd6 20. a4 b6 21. Nb5 Bxb5 22. cxb5 Qh4 23. Qf2 Qh5 24.
Bd3 Rfe8 25. Kh2 Bf6 26. Nc6 Qh6 27. g3 Qg7 28. Rxe8+ Rxe8 29. Re1 Qf7 30. Rxe8+ Qxe8 31. Qe2 Kg7 32. Qxe8 Nxe8 33. Kg2 Nd6 34. Kf3 Kf7 35.
g4 fxg4+ 36. hxg4 h6 37. Ne5+ Bxe5 38. fxe5 Ne8 39. Bc4 Ng7 40. Ke4 Ke7 41. d6+ Kd7 42. Bf7 h5 43. gxh5 gxh5 44. Kd5 h4 45. e6+ Kd8 46. Kc6 h3 47. e7+ Kc8 48. d7+ Kb8 49.
d8=Q+ 1-0

[Event "*** Qualifier 1: Titled Tuesday 3|2 Blitz"]
[Site "Chess.com"]
[Date "2017.04.04"]
[Round "8"]
[White "Noukii"]
[Black "IamSchrodingersCat"]
[Result "1-0"]
[WhiteElo "2652"]
[BlackElo "2381"]
[TimeControl "180+2"]
[EndTime "14:53:07 PDT"]
[Termination "Noukii won by resignation"]

1. d4 Nf6 2. Nf3 e6 3. Bg5 h6 4. Bxf6 Qxf6 5. e4 d6 6. c3 Nc6 7. a4 g5 8. Na3 a6 9. Bd3 g4 10. Nd2 e5 11. d5 Ne7 12. Nac4 Ng6 13. g3 h5 14. Ne3 Bh6 15. Qe2 Bd7 16. a5 O-O 17. Ndc4 Rae8 18. h3 Qg5 19. hxg4 hxg4 20. O-O-O Kg7 21. Kb1 Rh8 22. Rh2 Reg8 23. Rdh1 Ne7 24.
Rh4 Kf8 25. Ka2 Qg7 26. Bc2 Bb5 27. Qe1 Bxc4+ 28. Nxc4 Bg5 29. Rxh8 Rxh8 30. Rxh8+ Qxh8 31. Qe2 Qh3 32. Bd1 f5 33. exf5 Nxf5 34. Qe4 Ne7 35.
Bxg4 Qf1 36. Qf3+ Kg7 37. Kb3 Qe1 38. Be6 Kh6 39. Qf8+ Kg6 40. Qf3 Qf1 41. Bf7+ Kg7 42. Bh5 Qc1 43. Qf7+ Kh6 44. Bf3 Qf1 45. Qh5+ Kg7 46.
Qxg5+ Ng6 47. Bh5 Qxf2 48. Qxg6+ Kh8 49. Qh6+ Kg8 50. Qg5+ Kh8 51. Bg4 b5 52. Qh6+ Kg8 53.
Be6+ 1-0

[Event "*** Qualifier 1: Titled Tuesday 3|2 Blitz"]
[Site "Chess.com"]
[Date "2017.04.04"]
[Round "8"]
[White "Rock700chess"]
[Black "PaulfromSPb"]
[Result "0-1"]
[WhiteElo "2232"]
[BlackElo "2547"]
[TimeControl "180+2"]
[EndTime "14:53:15 PDT"]
[Termination "PaulfromSPb won by checkmate"]

1. e4 c5 2. d4 cxd4 3. c3 Nf6 4.
e5 Nd5 5. cxd4 d6 6. Nf3 Nc6 7. Bc4 e6 8. O-O Be7 9. Qe2 O-O 10. Nc3 Nxc3 11. bxc3 dxe5 12. Nxe5 Nxe5 13. Qxe5 Bd7 14. a4 Rc8 15. Qe2 Qc7 16. Bd3 Qxc3 17. Bd2 Qxd4 18.
Be3 Qe5 19. Rfd1 Bc6 20. Bxa7 Qxe2 21. Bxe2 Ra8 22. Bb6 Bxa4 23. Rf1 Bc6 24. Rac1 Ra4 25. h3 Rb4 26. Ba5 Rb2 27. Bd3 Ra8 28. Bc3 Rb3 29. Bc4 Rba3 30. Bb2 R3a4 31. Be5 Bg5 32. f4 Be7 33.
Rc2 Ra3 34. f5 R3a5 35. Bc3 Rxf5 36. Rxf5 exf5 37. Re2 Bc5+ 38. Kh2 b5 39. Bd3 b4 40. Bb2 g6 41. g4 Bd6+ 42. Kg1 fxg4 43. hxg4 Re8 44.
Rc2 Bf3 45. g5 Be5 46. Bb5 b3 47. Rf2 Bxb2 48. Rxb2 Rb8 49. Rxb3 Be2 50. Ba4 Rxb3 51. Bxb3 Kg7 52. Kh2 f6 53. gxf6+ Kxf6 54. Kg3 Kg5 55. Bg8 h5 56. Bf7 h4+ 57. Kh2 Bg4 58. Bd5 Kf4 59. Bf7 Bf5 60. Be8 g5 61. Bc6 g4 62.
Bg2 g3+ 63. Kg1 h3 64. Bf1 Kg4 65. Be2+ Kf4 66. Bf1 Ke3 67. Bxh3 Bxh3 68. Kh1 Kf3 69. Kg1 g2 70. Kh2 Kf2 71. Kxh3 g1=Q 72. Kh4 Kf3 73. Kh5 Kf4 74. Kh6 Kf5 75. Kh7 Kf6 76. Kh8 Qg7# 0-1

[Event "*** Qualifier 1: Titled Tuesday 3|2 Blitz"]
[Site "Chess.com"]
[Date "2017.04.04"]
[Round "8"]
[White "michaelk123"]
[Black "Bugcrusher"]
[Result "1-0"]
[WhiteElo "2244"]
[BlackElo "2449"]
[TimeControl "180+2"]
[EndTime "14:53:27 PDT"]
[Termination "michaelk123 won by resignation"]

1. e4 e6 2. d4 d5 3. Nd2 Be7 4.
e5 c5 5. Qg4 Kf8 6. Ndf3 cxd4 7. a3 Qc7 8. Bd3 Nd7 9. Qg3 Nh6 10. Ne2 Nc5 11. Nexd4 Nf5 12. Nxf5 exf5 13. O-O Ne4 14.
Qf4 g5 15. Qe3 f4 16. Qd4 Qc5 17. c3 Be6 18. Ne1 Qxd4 19. cxd4 Rc8 20. f3 Rxc1 21. Rxc1 Nd2 22. Rf2 Nb3 23. Rc7 Nxd4 24. b4 Nc6 25. Rxb7 Nxe5 26. Rxa7 Bf6 27. Ra8+ Ke7 28. Rxh8 Bxh8 29. Rc2 Kd6 30. b5 Nc4 31. a4 Bd4+ 32.
Kh1 Kc5 33. h3 h5 34. Kh2 Kb6 35. Be2 Ka5 36. Nd3 Kxa4 37. b6 Nxb6 38. Nc5+ Bxc5 39.
Rxc5 Nc4 40. Bxc4 dxc4 41. Rxg5 Kb3 42. Rxh5 c3 43. Rb5+ Ka3 44. Rc5 Kb2 45. h4 c2 46. h5 c1=Q 47. Rxc1 Kxc1 48. g3 Kd2 49. g4 Ke3 50. h6 f5 51. h7 fxg4 52. fxg4 Bxg4 53.
h8=Q Bf5 54. Qe5+ Be4 55. Kg1 f3 56. Qc5+ Ke2 57. Qf2+ Kd3 58. Kh2 1-0

[Event "*** Qualifier 1: Titled Tuesday 3|2 Blitz"]
[Site "Chess.com"]
[Date "2017.04.04"]
[Round "8"]
[White "donotreadit"]
[Black "evgenyermolaev"]
[Result "1-0"]
[WhiteElo "2487"]
[BlackElo "2363"]
[TimeControl "180+2"]
[EndTime "14:53:35 PDT"]
[Termination "donotreadit won by checkmate"]

1. d4 Nf6 2. Nf3 c5 3. d5 b5 4. a4 b4 5. Bg5 Qb6 6. Nbd2 Nxd5 7. Nc4 Qe6 8. e3 Nb6 9. b3 Ba6 10. Nfd2 d5 11. Nxb6 axb6 12. Bxa6 Nxa6 13. O-O g6 14. e4 Bg7 15. exd5 Qxd5 16. Be3 O-O 17. Rb1 Rfd8 18. Qe2 Nc7 19. h3 Qc6 20. Rbe1 b5 21. axb5 Nxb5 22. Nc4 e6 23. Qg4 h5 24. Qg5 Rd5 25. Qg3 Bc3 26. Rb1 Na3 27. Rbd1 Nxc2 28. Rc1 Nd4 29. Bxd4 Bxd4 30.
Kh1 Ra2 31. Rce1 Rc2 32. Re4 Rc3 33. Qb8+ Kg7 34. Rf4 Rd7 35. Kg1 Qc7 36. Qxc7 Rxc7 37. Rb1 Rc2 38. Rf3 Ra7 39. Nd6 f5 40. g4 hxg4 41.
hxg4 fxg4 42. Rf4 Be5 43. Ne8+ Kg8 44. Re4 Bd4 45. Rxg4 Rxf2 46. Rxd4 cxd4 47. Kxf2 Kf7 48. Nd6+ Kf6 49. Kf3 Ke5 50. Nc4+ Kd5 51. Rg1 Rf7+ 52. Ke2 Rf6 53. Rg5+ Ke4 54. Re5+ Kf4 55. Rb5 g5 56. Ne5 g4 57. Nd3+ Ke4 58. Re5# 1-0

[Event "*** Qualifier 1: Titled Tuesday 3|2 Blitz"]
[Site "Chess.com"]
[Date "2017.04.04"]
[Round "8"]
[White "Sanan_Sjugirov"]
[Black "kleinebeer98"]
[Result "1-0"]
[WhiteElo "2701"]
[BlackElo "2498"]
[TimeControl "180+2"]
[EndTime "14:53:39 PDT"]
[Termination "Sanan_Sjugirov won by resignation"]

1. e4 e5 2. Nf3 Nc6 3. Bb5 f5 4. d3 fxe4 5. dxe4 Nf6 6. O-O d6 7. Qd3 Be7 8. Qc4 a6 9. Bxc6+ bxc6 10.
Nc3 d5 11. Qd3 d4 12. Nb1 Bd6 13. Nbd2 O-O 14. Nc4 Qe7 15. Bg5 Bg4 16. Nfd2 Kh8 17. a3 Qe6 18. f3 Bh5 19. b4 Bg6 20. Bxf6 gxf6 21. f4 exf4 22. Nxd6 cxd6 23. Qxd4 Qe5 24. Qf2 Bxe4 25. Rae1 f5 26. c4 Qe6 27. Qxf4 Rae8 28. Re3 Rg8 29. g3 d5 30. Re2 Rg4 31. Qf2 f4 32.
Qd4+ Kg8 33. Nxe4 dxe4 34. Rxf4 Rxf4 35. gxf4 Kf7 36. Rg2 Qf6 37. Qd7+ Re7 38. Qd1 e3 39. h3 Qxf4 40. Qh5+ Ke6 41. Qd1 Rf7 42. Qe1 Qf3 43. Rg3 Qf2+ 44. Qxf2 exf2+ 45. Kf1 Rf4 46. c5 Kd5 47.
Rg7 Kc4 48. Rxh7 Kb3 49. Ra7 Kxa3 50. Rxa6+ Kxb4 51. Rxc6 Kc3 52. Rd6 Kc4 53. c6 Kc5 54. c7 Kxd6 55. c8=Q Kd5 56. Qe8 Rf5 57. h4 Re5 58.
Qf7+ 1-0

[Event "*** Qualifier 1: Titled Tuesday 3|2 Blitz"]
[Site "Chess.com"]
[Date "2017.04.04"]
[Round "8"]
[White "TenisMaster"]
[Black "TheLancer"]
[Result "1-0"]
[WhiteElo "2657"]
[BlackElo "2484"]
[TimeControl "180+2"]
[EndTime "14:53:42 PDT"]
[Termination "TenisMaster won by resignation"]

1. e4 c5 2. Nf3 g6 3. Bc4 Bg7 4.
O-O Nc6 5. c3 e6 6. Bb3 Nge7 7.
d3 O-O 8. Nbd2 d5 9. Re1 b6 10. Qe2 Ba6 11. e5 d4 12. c4 Qc7 13. Nf1 Na5 14.
Bd1 Rad8 15. Ng3 b5 16. b3 Nac6 17. Bg5 h6 18. Bf6 Rb8 19. Ne4 bxc4 20. bxc4 Nb4 21. a3 Qa5 22. axb4 Qxa1 23. Bxe7 Rfe8 24. Bxc5 Bb7 25.
Nf6+ Bxf6 26. exf6 Bxf3 27. Qxf3 Qc3 28. Rf1 a5 29. bxa5 Rb1 30. Be2 Rxf1+ 31. Bxf1 e5 32. Qe4 Qxa5 33. Be7 Qb6 34. g3 Qe6 35. Bg2 Qf5 36.
c5 Rb8 37. Qxf5 Rb1+ 38. Bf1 gxf5 39. f3 e4 40. fxe4 fxe4 41. c6 Rc1 42. c7 e3 43.
Kg2 Rxc7 44. Be2 Rc2 45. Kf3 Kh7 46. Bd6 Ra2 47. Be5 Ra4 48. Ke4 Ra2 49. Kf3 Ra4 50.
g4 Kg6 51. h4 h5 52. gxh5+ Kxh5 53. Kg3+ Kg6 54. Bf3 Kf5 55. Bf4 Ra2 56. Bg5 Rd2 57. Be4+ Ke5 58. h5 e2 59. Kf2 e1=Q+ 60. Kxe1 Rh2 61. h6 Rh5 62. h7 Ke6 63. Kf2 Ke5 64. Kf3 Ke6 65. Kg4 Rh2 66. Bh4 1-0

[Event "*** Qualifier 1: Titled Tuesday 3|2 Blitz"]
[Site "Chess.com"]
[Date "2017.04.04"]
[Round "8"]
[White "wonderfultime"]
[Black "Fandorine"]
[Result "0-1"]
[WhiteElo "2655"]
[BlackElo "2648"]
[TimeControl "180+2"]
[EndTime "14:53:44 PDT"]
[Termination "Fandorine won by resignation"]

1. d4 Nf6 2. c4 b6 3. Nc3 Bb7 4. a3 g6 5. d5 Bg7 6. g3 O-O 7. Bg2 a5 8. Nf3 Na6 9. O-O Nc5 10. Be3 e6 11. Rc1 exd5 12. cxd5 Re8 13. Bf4 a4 14. Re1 Ra5 15. Nd2 Nh5 16. Nc4 Ra8 17. Bd2 Nb3 18. Rc2 Nf6 19. Bf4 d6 20. e4 Nd7 21. h4 Ndc5 22. Ne3 Ba6 23. Bf1 Bxf1 24. Nxf1 Bxc3 25. bxc3 Rxe4 26. Rxe4 Nxe4 27.
Qf3 f5 28. Ne3 Qf6 29. g4 Qxh4 30. gxf5 Nbd2 31. Qg4 Qxf2+ 32. Kh1 Rf8 33. Rc1 Qf3+ 34. Qxf3 Nxf3 35. Bh6 Re8 36. fxg6 hxg6 37. Kg2 Nh4+ 38.
Kh3 Nf5 39. Ng4 Nxh6 40. Nxh6+ Kg7 41. Ng4 Nf6 42. Nxf6 Kxf6 43. Rf1+ Kg7 44. Rf3 Re4 45.
Kg3 g5 46. Kf2 Rf4 47. Rxf4 gxf4 48. Kf3 b5 49. Kxf4 Kf6 50. Ke4 Kg5 51. Kd4 Kf4 52. c4 bxc4 53. Kxc4 Ke4 54. Kb4 Kxd5 55. Kxa4 Kc4 56.
Ka5 d5 57. a4 d4 0-1

[Event "*** Qualifier 1: Titled Tuesday 3|2 Blitz"]
[Site "Chess.com"]
[Date "2017.04.04"]
[Round "8"]
[White "MITerryble"]
[Black "platy3"]
[Result "1/2-1/2"]
[WhiteElo "2743"]
[BlackElo "2645"]
[TimeControl "180+2"]
[EndTime "14:53:46 PDT"]
[Termination "Game drawn by repetition"]

1. d4 Nf6 2. Nf3 e6 3. c4 d5 4. e3 b6 5. Qa4+ Nbd7 6. Ne5 Bb7 7. cxd5 exd5 8. Bb5 a6 9. Bc6 Bxc6 10. Qxc6 Bb4+ 11.
Bd2 Bxd2+ 12. Nxd2 O-O 13. Nxd7 Qxd7 14. Rc1 Rac8 15.
O-O Rfe8 16. Nf3 Qxc6 17. Rxc6 Re6 18. Rfc1 Rxc6 19. Rxc6 Kf8 20. Ne5 Ke7 21. Kf1 Ne4 22. Ke2 f6 23. Nd3 Kd7 24. Rc1 a5 25. b3 c6 26. f3 Nd6 27. a4 Re8 28. Kf2 Nf5 29. Re1 Kd6 30. g4 Nh6 31. Rd1 Nf7 32. Nf4 Ng5 33.
h4 Ne6 34. Nh5 Rb8 35. f4 Rb7 36. f5 Nf8 37. Kf3 Rf7 38. Ng3 Nd7 39. Kf4 Re7 40. e4 dxe4 41. Nxe4+ Kd5 42. Nc3+ Kd6 43. Ne4+ Kc7 44.
g5 b5 45. axb5 cxb5 46. Rc1+ Kb6 47. Nd6 Re2 48. Nc8+ Kb7 49. Nd6+ Kb6 50. Nc8+ Kb7 51. Nd6+ Kb6 52. Nc8+ Kb7 53. Nd6+ Kb6 54. Nc8+ Kb7 55. Nd6+ Kb6 1/2-1/2

[Event "*** Qualifier 1: Titled Tuesday 3|2 Blitz"]
[Site "Chess.com"]
[Date "2017.04.04"]
[Round "8"]
[White "Feegus"]
[Black "Marcus_Harvey"]
[Result "1-0"]
[WhiteElo "2375"]
[BlackElo "2461"]
[TimeControl "180+2"]
[EndTime "14:53:46 PDT"]
[Termination "Feegus won by resignation"]

1. d4 e6 2. Bf4 c5 3. c3 Qb6 4. Qb3 cxd4 5. Qxb6 axb6 6. cxd4 Nc6 7. Nf3 Nb4 8. Kd2 Rxa2 9. Rxa2 Nxa2 10. e3 Nf6 11.
Bb5 Nd5 12. Bg3 f6 13. e4 Ndb4 14. Nc3 Nxc3 15. bxc3 Na6 16. Re1 Kf7 17. Rb1 d5 18. Bd3 Be7 19. Rxb6 Bd8 20. Rb2 Nc7 21. e5 f5 22. Bh4 Bxh4 23. Nxh4 g5 24. Nf3 h6 25.
Ne1 Ke7 26. Nc2 Kd7 27. Na3 Kc6 28. c4 b6 29. Bc2 dxc4 30. Ba4+ Kd5 31. Kc3 Ke4 32.
Bc6+ Nd5+ 33. Kxc4 Ba6+ 34. Bb5 Rc8+ 35. Kb3 Rc3+ 36. Ka4 Bxb5+ 37. Nxb5 Rc4+ 38. Ka3 Kd3 39. Rb3+ Kc2 40. Rb2+ Kd3 41. Rb3+ Ke2 42. Rb2+ Kf1 43. f3 f4 44. Rd2 Ne3 45. Kb3 Rc1 46. Nc3 Nxg2 47. d5 exd5 48. e6 Re1 49. Rd1 Rxd1 50.
Nxd1 g4 51. e7 gxf3 52. e8=Q f2 53. Qc6 Kg1 54. Qxb6 Ne3 55. Nxe3 fxe3 56. Qxe3 h5 57. Qg3+ Kf1 58. Kc3 Ke2 59. Qd3+ Ke1 60. Qd2+ Kf1 61. Kd3 Kg1 62. Qg5+ Kh1 63. Ke2 1-0